 Dungeon Crawl Stone Soup version 0.18-a0-1125-g2bdabe5 (webtiles) character file.

115 aliceinspace the Magician (level 5, -2/29 HPs)
             Began as a Gargoyle Wizard on Jan 20, 2016.
             Slain by an orc
             ... wielding a +0 flail
              (4 damage)
             ... on level 3 of the Dungeon.
             The game lasted 00:08:57 (3917 turns).

aliceinspace the Magician (Gargoyle Wizard)         Turns: 3917, Time: 00:08:57

Health: -2/29      AC:  7    Str: 11    XL:     5   Next: 0%
Magic:  3/10       EV: 11    Int: 21    God:
Gold:   113        SH:  0    Dex:  6    Spells: 4 memorised, 1 level left

rFire  . . .     SeeInvis .     k - +0 club
rCold  . . .     Gourm    .     a - +0 robe
rNeg   + . .     Faith    .     (no shield)
rPois  ∞         Spirit   .     b - +0 hat
rElec  +         Dismiss  .     (no cloak)
rCorr  .         Reflect  .     (no gloves)
SustAt .         Harm     .     (no boots)
MR     .....                    (no amulet)
Stlth  ++........               (no ring)
                                (no ring)

@: very slightly contaminated, not resistant to hostile enchantments, unstealthy
A: molten scales 1, clever 1, clumsy 1, negative energy resistance 1,
electricity resistance, unbreathing, petrification resistance, rot immunity, AC
+4
a: no special abilities


You were on level 3 of the Dungeon.
You were very hungry.

You visited 1 branch of the dungeon, and saw 3 of its levels.

You collected 113 gold pieces.

Inventory:

Hand Weapons
 k - a +0 club (weapon)
 r - a +0 whip
Armour
 a - a +0 robe (worn)
 b - a +0 hat (worn)
 m - a +0 buckler
Scrolls
 e - 2 scrolls of remove curse {unknown}
 g - a scroll of teleportation {unknown}
 p - a scroll of noise {unknown}
Potions
 l - a potion of ambrosia {unknown}
 n - a potion of cure mutation {unknown}
Books
 c - a book of Minor Magic

   Spells                             Type                      Level
   a - Magic Dart                     Conjuration                  1
   b - Blink                          Translocation                2
   c - Call Imp                       Summoning                    2
   d - Repel Missiles                 Charms/Air                   2
   e - Slow                           Hexes                        2
   f - Conjure Flame                  Conjuration/Fire             3
   g - Mephitic Cloud                 Conjuration/Poison/Air       3
Comestibles
 d - a bread ration
 f - 2 slices of pizza
 h - 4 fruits
 i - 2 meat rations
 j - a royal jelly
 o - a chunk of flesh
 q - a beef jerky


   Skills:
 + Level 1.3 Fighting
 + Level 1.1 Maces & Flails
 + Level 0.7 Armour
 + Level 1.7 Dodging
 - Level 2.1 Stealth
 + Level 0.7 Shields
 * Level 3.4 Spellcasting
 * Level 2.5 Conjurations
   Level 0.8 Summonings
 + Level 1.2 Translocations
 * Level 0.4 Fire Magic
 * Level 0.4 Air Magic
 + Level 0.8 Poison Magic


You had one spell level left.
You knew the following spells:

 Your Spells              Type           Power        Failure   Level  Hunger
a - Magic Dart            Conj           ##..         6%          1    None
b - Mephitic Cloud        Conj/Pois/Air  #.......     24%         3    ###....
c - Blink                 Tloc           N/A          12%         2    ##.....
d - Conjure Flame         Conj/Fire      #.......     24%         3    ###....


Dungeon Overview and Level Annotations

Branches:
Dungeon (3/15)

Altars:
Cheibriados
Kikubaaqudgha
Pakellas

Annotations:
D:3 Sigmund


Innate Abilities, Weirdness & Mutations

You are resistant to torment.
Your stone body is resilient (AC +4).
You are immune to poison.
You resist negative energy.
You are resistant to electric shocks.
You can survive without breathing.
You are immune to petrification.
You are immune to rotting.
You are partially covered in molten scales (AC +1).
Your mind is acute. (Int +2)
You are clumsy. (Dex -2)


Message History

You kill the orc!
You have reached level 5!
You hit the orc.
The orc is almost dead.
The orc hits you but does no damage.
You closely miss the orc.
The orc is severely wounded.
The orc hits you with a flail.
* * * LOW HITPOINT WARNING * * *
Casting: Mephitic Cloud
Confirm with . or Enter, or press ? or * to list all spells.
Aiming: Mephitic Cloud
Press: ? - help, Shift-Dir - straight line, f - orc
Aim: an orc, wielding a flail (severely wounded)
You miscast Mephitic Cloud.
You are very lightly contaminated with residual magic.
You are momentarily dazzled by a flash of light!
You are feeling very hungry.
The orc hits you with a flail.
You die... oo#

#.......# .##)#
##.....## . #o#
##....## ##. #.#
##+.##8 #.. #o#
#..### #.# #.# #..#
# #.# #.# ##..###
#.###o###.#
##....##
#.....@)).#
#......#
#####.#######
##...... #.......#
##.#...
#######.######.#...
#............
########<####
#..... ######


You could see an orc.

Vanquished Creatures
  Robin (D:2)
  An adder (D:2)
  4 gnolls (D:2)
  2 giant geckos (D:2)
  6 orcs (D:3)
  3 giant cockroaches
  10 goblins
  8 hobgoblins
  5 kobolds
  A quokka (D:3)
  5 bats
  3 giant newts
  6 rats
55 creatures vanquished.

Notes
Turn   | Place    | Note
--------------------------------------------------------------
     0 | D:1      | aliceinspace the Gargoyle Wizard began the quest for the Orb.
     0 | D:1      | Reached XP level 1. HP: 10/10 MP: 4/4
   391 | D:1      | Reached XP level 2. HP: 15/15 MP: 0/6
  1314 | D:2      | Reached XP level 3. HP: 16/20 MP: 2/7
  1364 | D:2      | Learned a level 3 spell: Mephitic Cloud
  1367 | D:2      | Learned a level 2 spell: Blink
  1692 | D:2      | Reached skill level 1 in Translocations
  2180 | D:2      | Noticed Robin
  2322 | D:2      | Reached skill level 1 in Fighting
  2328 | D:2      | Reached XP level 4. HP: 3/25 MP: 1/9
  2380 | D:1      | Learned a level 3 spell: Conjure Flame
  2671 | D:2      | Killed Robin
  2915 | D:2      | Gained mutation: Your mind is acute. (Int +2) [potion of mutation]
  2915 | D:2      | Gained mutation: You are partially covered in molten scales (AC +1). [potion of mutation]
  2915 | D:2      | Gained mutation: You are clumsy. (Dex -2) [potion of mutation]
  3361 | D:3      | Found an oddly glowing altar of Pakellas.
  3361 | D:3      | Found a snail-covered altar of Cheibriados.
  3362 | D:3      | Found an ancient bone altar of Kikubaaqudgha.
  3507 | D:2      | Reached skill level 1 in Maces & Flails
  3621 | D:3      | Noticed Sigmund
  3914 | D:3      | Reached XP level 5. HP: 8/29 MP: 6/10
  3917 | D:3      | Slain by an orc

Vault maps used:
D:1:      dpeg_arrival_castle
D:2:      uniq_robin
D:3:      gammafunk_temple_overflow_claw, grunt_temple_overflow_diamond,
          minivault_24, uniq_sigmund

Action                   |  1- 3 |  4- 6 || total
-------------------------+-------+-------++-------
Melee: Unarmed           |     5 |       ||     5
       Club              |    38 |    73 ||   111
 Cast: Magic Dart        |    79 |    34 ||   113
       Mephitic Cloud    |     4 |     6 ||    10
       Blink             |     3 |       ||     3
  Use: Potion            |       |     4 ||     4
 Stab: Confused          |       |     3 ||     3
  Eat: Chunk             |     5 |     5 ||    10
